 Dungeon Crawl Stone Soup version 0.23-a0-516-g0f8c245 (webtiles) character file.

4007 CanOfBees the Eye of the Storm (level 10, -8/80 HPs)
             Began as a Demonspawn Gladiator on Dec 5, 2018.
             Was a Priest of Qazlal.
             Killed by divine providence
             ... invoked by an orc priest
              (14 damage)
             ... on level 8 of the Dungeon on Dec 6, 2018.
             The game lasted 00:20:24 (9585 turns).

CanOfBees the Eye of the Storm (DsGl)               Turns: 9585, Time: 00:20:25

Health: -8/80      AC: 19    Str: 18    XL:     10   Next: 3%
Magic:  9/17       EV: 10    Int: 15    God:    Qazlal [***...]
Gold:   400        SH:  7    Dex: 14    Spells: 9/9 levels left

rFire    + . .     SeeInvis .   a - +0 long sword
rCold    . . .     Gourm    .   i - +0 buckler
rNeg     . . .     Faith    .   B - +0 chain mail {rF+}
rPois    .         Spirit   .   (helmet restricted)
rElec    .         Reflect  .   (no cloak)
rCorr    .         Harm     .   v - +0 pair of gloves
MR       .....                  c - +0 pair of boots
Stlth    ..........             (no amulet)
HPRegen  0.23/turn              z - +2 ring of evasion
MPRegen  0.15/turn              I - +5 ring of intelligence

@: corroded, sanguine armour
A: antennae 2, powered by pain 1, sanguine armour 3
a: Upheaval, Elemental Force, Renounce Religion


You were on level 8 of the Dungeon.
You worshipped Qazlal.
Qazlal was most pleased with you.
You were not hungry.

You visited 1 branch of the dungeon, and saw 8 of its levels.
You also visited: Bailey.

You collected 400 gold pieces.

Inventory:

Hand Weapons
 a - a +0 long sword (weapon)
 b - a +1 whip of freezing
 w - a +2 hand axe of freezing
Missiles
 j - 158 stones
 p - 21 sling bullets
 q - 7 needles of frenzy
 s - 8 tomahawks of returning (quivered)
 J - 2 throwing nets
Armour
 c - a +0 pair of boots (worn)
 i - a +0 buckler (worn)
 v - a +0 pair of gloves (worn)
 B - a +0 chain mail of fire resistance (worn)
Jewellery
 d - an uncursed ring of protection from cold
 z - a +2 ring of evasion (left hand)
 I - a +5 ring of intelligence (right hand)
Wands
 C - a wand of clouds (3)
 D - a wand of iceblast (3)
 E - a wand of random effects (21)
Scrolls
 e - a scroll of amnesia
 n - 5 scrolls of identify
 o - 3 scrolls of fog
 t - 2 scrolls of fear
 y - 2 scrolls of teleportation
 A - 2 scrolls of remove curse
 F - 3 scrolls of blinking
 G - a scroll of random uselessness {unknown}
 K - a scroll of acquirement {unknown}
Potions
 g - a potion of might {unknown}
 h - 4 potions of brilliance
 k - 3 potions of haste
 l - 3 potions of heal wounds
 m - 3 potions of flight {unknown}
 r - 2 potions of lignification {unknown}
 u - 2 potions of mutation {unknown}
 x - 6 potions of curing
Comestibles
 f - 11 rations
 H - 7 chunks of flesh


   Skills:
 + Level 8.0 Fighting
 + Level 7.5 Long Blades
 - Level 4.0 Throwing
 - Level 4.0 Armour
 - Level 3.0 Dodging
 + Level 9.3 Invocations


You had 9 spell levels left.
You didn't know any spells.
Your spell library was empty.

Dungeon Overview and Level Annotations

Branches:
Dungeon (8/15)             Temple (0/1) D:6
   Lair: D:8-11

Altars:
Cheibriados
Elyvilon
Gozag
Qazlal
Wu Jian
The Shining One

Shops:
D:5 [   D:7 }[[:}

Annotations:
D:6 2 transporters, Jase's ghost, novice MfIE


Innate Abilities, Weirdness & Mutations

You have a pair of antennae on your head.
You sometimes gain a little power by taking damage.
When seriously injured, your bleeding wounds create very thick armour. (AC +12)


Message History

You hear two shouts!
The orc wizard hits you with a +0 dagger.
* * * LOW HITPOINT WARNING * * *
The hippogriff bites you but does no damage.
The hippogriff pecks you but does no damage.
The hippogriff claws you but does no damage.
The orc warrior barely misses you.
You riposte.
You hit the orc warrior but do no damage.
The orc warrior is severely wounded.
You block the jelly's attack.
The centaur warrior zombie closely misses you.
You closely miss the orc warrior.
The orc warrior is severely wounded.
The hippogriff bites you.
* * * LOW HITPOINT WARNING * * *
The hippogriff pecks you but does no damage.
You block the hippogriff's attack.
The orc priest calls down the wrath of Beogh upon you.
Beogh smites you!
You die...

# ###.####....#
######.).##......#####..
....##.§÷##.........{...
#.####..÷#######.####.##
.# ##########..##..... .
#..........# # >
###....)...# . ..
#...§oH..# #...J@Z..# #
#....o§..# # #....{...#
# #.......... #
#.........## ##
#.........# .#
#.W...o...# ....#
#.........# ###.#


You could see a hippogriff, a phantom, an orc warrior, a jelly, an orc priest,
an orc wizard and a centaur warrior zombie.

Vanquished Creatures
  Pikel (D:6)
  Joseph (D:7)
  A hippogriff (D:8)
  6 orc warriors
  2 sky beasts
  A slave (D:6)
  An ice beast (D:8)
  4 ogres
  A gnoll sergeant (D:8)
  2 bullfrogs (D:7)
  4 scorpions
  A jelly (D:5)
  A centaur zombie (D:6)
  3 howler monkeys
  5 crimson imps
  A bullfrog zombie (D:5)
  3 orc priests
  10 orc wizards
  4 hounds
  A gnoll shaman (D:4)
  Terence (D:2)
  9 worker ants
  8 gnolls
  10 adders
  4 shadow imps
  An ooze (D:2)
  An adder zombie (D:6)
  4 worms
  2 dart slugs
  3 leopard geckos
  35 orcs
  10 giant cockroaches
  11 goblins
  8 hobgoblins
  6 jackals
  26 kobolds
  3 quokkas
  3 ball pythons
  5 bats
  5 frilled lizards
  A jackal skeleton (D:5)
  A jackal zombie (D:5)
  A leopard gecko zombie (D:8)
  9 rats
220 creatures vanquished.

Vanquished Creatures (others)
  An orc priest (D:6)
  An orc (D:6)
2 creatures vanquished.

Grand Total: 222 creatures vanquished

Notes
Turn   | Place    | Note
-------+----------+-------------------------------------------
     0 | D:1      | CanOfBees the Demonspawn Gladiator began the quest for the
                  | Orb.
     0 | D:1      | Reached XP level 1. HP: 16/16 MP: 1/1
   229 | D:1      | Gained mutation: You sometimes gain a little power by
                  | taking damage. [demonic ancestry]
   229 | D:1      | Reached XP level 2. HP: 14/22 MP: 2/2
   677 | D:1      | Gained mutation: You have a pair of small antennae on your
                  | head. [demonic ancestry]
   677 | D:1      | Reached XP level 3. HP: 15/28 MP: 3/3
  1625 | D:2      | Reached skill level 1 in Armour
  1625 | D:2      | Gained mutation: When seriously injured, your bleeding
                  | wounds create armour. (AC +12) [demonic ancestry]
  1625 | D:2      | Reached XP level 4. HP: 25/34 MP: 4/4
  2256 | D:2      | Found a stormy altar of Qazlal.
  2256 | D:2      | Found a glowing golden altar of the Shining One.
  2741 | D:2      | Found a white marble altar of Elyvilon.
  3019 | D:3      | Noticed Terence
  3046 | D:2      | Killed Terence
  3097 | D:2      | Reached XP level 5. HP: 41/41 MP: 5/5
  3936 | D:2      | Became a worshipper of Qazlal Stormbringer
  4102 | D:4      | Noticed an ogre
  4120 | D:4      | Killed an ogre
  4120 | D:4      | Reached skill level 1 in Invocations
  4120 | D:4      | Gained mutation: When seriously injured, your bleeding
                  | wounds create thick armour. (AC +12) [demonic ancestry]
  4120 | D:4      | Reached XP level 6. HP: 41/47 MP: 6/6
  4254 | D:4      | Reached skill level 2 in Invocations
  4407 | D:4      | You fall through a shaft!
  4407 | D:5      | Entered Level 5 of the Dungeon
  4663 | D:4      | Gained mutation: You have a pair of antennae on your head.
                  | [demonic ancestry]
  4663 | D:4      | Reached XP level 7. HP: 35/54 MP: 8/8
  4851 | D:4      | Found a snail-covered altar of Cheibriados.
  5022 | D:4      | Reached skill level 3 in Invocations
  5047 | D:5      | Reached * piety under Qazlal
  5422 | D:5      | Found Ceoqus's Antique Armour Emporium.
  5574 | D:5      | Reached skill level 4 in Invocations
  5739 | D:6      | Noticed Pikel
  5774 | D:5      | Reached XP level 8. HP: 50/61 MP: 11/11
  5965 | D:5      | Reached skill level 5 in Fighting
  6077 | D:6      | Reached skill level 5 in Long Blades
  6400 | D:5      | Reached skill level 5 in Invocations
  6788 | D:6      | Killed Pikel
  6788 | D:6      | Reached skill level 6 in Invocations
  7196 | D:6      | Noticed Jase's ghost (novice MfIE)
  7222 | D:6      | Found a transporter.
  7235 | D:6      | Found a transporter.
  7236 | D:6      | Reached XP level 9. HP: 39/69 MP: 12/14
  7511 | D:6      | Reached skill level 7 in Invocations
  7527 | D:6      | Reached ** piety under Qazlal
  7577 | D:6      | Found a staircase to the Ecumenical Temple.
  7621 | D:6      | Found an ornate altar of the Wu Jian Council.
  7621 | D:6      | Found an opulent altar of Gozag.
  7951 | D:7      | Noticed Joseph
  7954 | D:7      | Found a flagged portal.
  7983 | D:7      | Killed Joseph
  7991 | Bailey   | Entered a bailey
  8185 | Bailey   | Reached skill level 8 in Invocations
  8666 | D:7      | Reached *** piety under Qazlal
  8675 | D:7      | Found Xisatocu's Book Boutique.
  8724 | D:7      | Found Serurchoata's Gadget Shoppe.
  8901 | D:7      | Found Uguwkup's Gadget Boutique.
  9038 | D:7      | Found Puivyj's Antique Armour Shop.
  9142 | D:7      | Found Tyfoij's Armour Shoppe.
  9214 | D:7      | Reached skill level 9 in Invocations
  9528 | D:8      | Gained mutation: When seriously injured, your bleeding
                  | wounds create very thick armour. (AC +12) [demonic
                  | ancestry]
  9528 | D:8      | Reached XP level 10. HP: 74/80 MP: 16/16
  9585 | D:8      | Killed from afar by an orc priest

Vault maps used:
D:1:      evilmike_arrival_fibonacci_small
D:2:      lemuel_doored_altar, gammafunk_temple_overflow_statue, serial_rivers,
          chequers_serial_rivers_small_b, chequers_serial_rivers_small_b,
          chequers_serial_rivers_micro_e, chequers_serial_rivers_micro_b,
          kennysheep_big_empty_room, kennysheep_generic_room_9
D:3:      uniq_terence
D:4:      kennysheep_mini_moat, first_ration
D:5:      serial_shops, shop, st_stairs_1, kennysheep_potato
D:6:      nicolae_overflow_hidden_temple, minmay_temple_entry_antechambers,
          gammafunk_ghost_arena, minmay_checkerbox, uniq_pikel
D:7:      serial_shops, kennysheep_little_box, nicolae_shop_window_shopping,
          shop, shop, kennysheep_mini, enter_bailey_8, uniq_joseph
D:8:      grunt_temple_overflow_champion_of_chaos, grunt_ogre_cave,
          hangedman_decor_riveting
Bailey:   bailey_axe_1, bailey

Skill      XL: |  1  2  3  4  5  6  7  8  9 |
---------------+----------------------------+-----
Throwing       | 2 3 4 |  4.0
Dodging        | 3 |  3.0
Long Blades    | 3 4 6 7 |  7.5
Armour         | 1 2 3 4 |  4.0
Fighting       | 3 4 6 8 |  8.0
Invocations    | 1 2 4 6 9 |  9.3

Action                   |  1- 3 |  4- 6 |  7- 9 | 10-12 || total
-------------------------+-------+-------+-------+-------++-------
Melee: Long sword        |   126 |   201 |   471 |    14 ||   812
Throw: Throwing net      |     1 |     2 |       |       ||     3
       Stone             |       |    18 |    23 |       ||    41
       Tomahawk          |       |       |    33 |       ||    33
Invok: Upheaval          |       |       |       |     2 ||     2
Evoke: Wand              |       |       |     7 |       ||     7
  Use: Scroll            |       |     6 |     8 |       ||    14
       Potion            |       |     3 |     2 |       ||     5
 Stab: Held in net/web   |     1 |       |       |       ||     1
  Eat: Chunk             |     2 |    10 |    10 |       ||    22
       Ration            |       |       |     2 |       ||     2
Armor: Leather armour    |    11 |       |       |       ||    11
       Ring mail         |    42 |    19 |       |       ||    61
       Chain mail        |       |    73 |   320 |    35 ||   428
Dodge: Dodged            |    88 |   112 |   293 |    16 ||   509
Block: Buckler           |    17 |    22 |   171 |    16 ||   226
       Rpst.: Long sword |    24 |    41 |    93 |     1 ||   159

Table legend:
 A = Non-vault XP
 B = Vault XP
 C = Vault XP percentage of total XP
 D = Non-vault monster count
 E = Vault monster count
 F = Vault count percentage of total count
                 A         B        C        D         E       F
            +---------+---------+-------+---------+---------+-------
      Total |    3541 |    2184 |  38.1 |     176 |      43 |  19.6
            +---------+---------+-------+---------+---------+-------
        D:1 |      67 |       2 |   2.9 |      29 |       2 |   6.5
        D:2 |     134 |      38 |  22.1 |      20 |       2 |   9.1
        D:3 |     187 |       0 |   0.0 |      17 |       0 |   0.0
        D:4 |     495 |      11 |   2.2 |      24 |       1 |   4.0
        D:5 |     735 |      56 |   7.1 |      23 |       2 |   8.0
        D:6 |     792 |     779 |  49.6 |      29 |       4 |  12.1
        D:7 |     466 |     455 |  49.4 |      18 |       1 |   5.3
        D:8 |     665 |     122 |  15.5 |      16 |       1 |   5.9
     Bailey |       0 |     721 | 100.0 |       0 |      30 | 100.0
            +---------+---------+-------+---------+---------+-------
